 Dungeon Crawl Stone Soup version 0.23.0 (webtiles) character file.

Game seed: 14010013150118937204

100669 Flooderbenga the Severer (level 16, -12/151 HPs)
             Began as a Hill Orc Abyssal Knight on Feb 8, 2019.
             Was the Champion of Lugonu.
             Killed from afar by an Ice Fiend (40 damage)
             ... with a bolt of cold
             ... in an ice cave on Feb 9, 2019.
             The game lasted 02:35:39 (39907 turns).

Flooderbenga the Severer (Hill Orc Abyssal Knight) Turns: 39907, Time: 02:35:40

Health: -12/151    AC: 36    Str: 25    XL:     16   Next: 28%
Magic:  19/19      EV:  9    Int:  9    God:    Lugonu [******]
Gold:   354        SH: 23    Dex: 12    Spells: 15/15 levels left

rFire    + . .     SeeInvis .   k - +4 broad axe (flame)
rCold    . . .     Gourm    .   a - +5 large shield {rF+}
rNeg     . . .     Faith    .   t - +6 plate armour of Pan-Flutes {rCorr}
rPois    .         Spirit   .   (helmet restricted)
rElec    .         Reflect  .   V - +0 cloak
rCorr    +         Harm     .   u - +1 pair of gloves {Str+3}
MR       +++..     Rnd*Rage +   S - +0 pair of boots
Stlth    ..........             d - necklace of Bloodlust {*Rage +Rage MR++ Int-3 Slay+6 *Curse}
HPRegen  0.35/turn              H - +2 ring of protection
MPRegen  0.16/turn              g - +4 ring of protection

@: berserk cooldown, slowed, very slow
A: antennae 1, molten scales 1, thin skeletal structure 1, low mp 1, shaggy fur
1
a: Depart the Abyss, Bend Space, Banish, Corrupt, Enter the Abyss, Brand Weapon
With Distortion, Renounce Religion, Evoke Berserk Rage


You were in an ice cave.
You worshipped Lugonu.
Lugonu was exalted by your worship.
You were not hungry.

You visited 4 branches of the dungeon, and saw 25 of its levels.
You visited the Abyss 2 times.
You also visited: Sewer, Bailey, Ice Cave and Volcano.

You collected 2874 gold pieces.
You spent 2520 gold pieces at shops.

Inventory:

Hand Weapons
 k - a +4 broad axe of flaming (weapon)
 w - a +0 blowgun
 F - the +1 halberd "Bamoxoam" {elec, rPois Str+3}
   (You bought it in a shop on level 4 of the Dungeon)

   Occasionally, upon striking a foe, it will discharge some electrical energy
   and cause terrible harm.
   It affects your strength (+3).
   It protects you from poison.
Missiles
 i - 532 stones (quivered)
 y - 136 poisoned needles
 O - 5 javelins
 Z - 34 tomahawks
Armour
 a - a +5 large shield of fire resistance (worn)
 t - the +6 plate armour of Pan-Flutes (worn) {rCorr}
   (You bought it in a shop on level 11 of the Dungeon)

   It provides partial protection from all sources of acid and corrosion.
 u - a +1 pair of gloves of strength (worn)
 R - a +0 buckler
 S - a +0 pair of boots (worn)
 V - a +0 cloak (worn)
Jewellery
 b - an uncursed ring of protection from magic
 d - the necklace of Bloodlust (around neck) {*Rage +Rage MR++ Int-3 Slay+6 *Curse}
   (You bought it in a shop on level 2 of the Orcish Mines)

   [amulet of rage]

   It affects your intelligence (-3).
   It affects your accuracy and damage with ranged weapons and melee attacks
   (+6).
   It affects your resistance to hostile enchantments.
   It lets you go berserk.
   It may make you go berserk in combat.
   It curses itself when equipped.
 g - a +4 ring of protection (right hand)
 j - an uncursed ring of protection from fire
 G - an uncursed ring of see invisible
 H - a +2 ring of protection (left hand)
Wands
 p - a wand of acid (7)
 E - a wand of iceblast (10)
 T - a wand of scattershot (2)
 U - a wand of random effects (11)
 W - a wand of digging (9) {@v4}
Scrolls
 e - 6 scrolls of remove curse {@r2}
 f - 2 scrolls of amnesia
 l - 7 scrolls of teleportation {@r3}
 r - 5 scrolls of identify {@r1}
 x - 3 scrolls of enchant weapon
 B - 4 scrolls of fog {@r4}
 M - 6 scrolls of blinking {@r4}
 N - 3 scrolls of fear {@r5}
 Y - 2 scrolls of summoning
Potions
 m - 5 potions of brilliance
 n - a potion of invisibility
 o - 4 potions of ambrosia
 q - 11 potions of curing {@q1}
 s - 7 potions of agility {@q5}
 v - 4 potions of lignification
 A - 2 potions of cancellation
 C - 2 potions of flight
 D - 5 potions of heal wounds {@q2}
 J - 3 potions of haste {@q3}
 K - 5 potions of might {@q4}
 L - 3 potions of magic
 Q - 2 potions of berserk rage
 X - a potion of mutation
Miscellaneous
 h - a lightning rod (1/4)
 z - a lamp of fire (inert)
Comestibles
 c - 32 rations


   Skills:
 + Level 16.0 Fighting
 - Level 18.0 Axes
 - Level 3.0 Throwing
 - Level 13.2 Armour
 - Level 9.3 Dodging
 * Level 10.4 Shields
 - Level 8.1 Invocations
 - Level 6.0 Evocations


You had 15 spell levels left.
You didn't know any spells.
Your spell library contained the following spells:

 Spells                   Type           Power        Failure   Level  Hunger
 Animate Skeleton         Necr           N/A          100%        1    ##.....
 Beastly Appendage        Tmut           #.....       100%        1    ##.....
 Confusing Touch          Hex            #.....       100%        1    ##.....
 Pain                     Necr           #...         100%        1    ##.....
 Blink                    Tloc           N/A          100%        2    ###....
 Shroud of Golubria       Chrm/Tloc      #.........   100%        2    ###....
 Sticks to Snakes         Tmut           #.......     100%        2    ###....
 Confuse                  Hex            #.......     100%        3    ####...
 Gell's Gravitas          Tloc           #.........   100%        3    ####...
 Lesser Beckoning         Tloc           #.........   100%        3    ####...
 Regeneration             Chrm/Necr      #.........   100%        3    ####...
 Spider Form              Tmut/Pois      #.........   100%        3    ####...
 Teleport Other           Tloc           #.......     100%        3    ####...
 Vampiric Draining        Necr           #.........   100%        3    ####...
 Animate Dead             Necr           N/A          100%        4    #####..
 Ice Form                 Ice/Tmut       #.......     100%        4    #####..
 Passage of Golubria      Tloc           N/A          100%        4    #####..
 Petrify                  Tmut/Erth      #.......     100%        4    #####..
 Blade Hands              Tmut           #.........   100%        5    ######.
 Metabolic Englaciation   Hex/Ice        #.........   100%        5    ######.
 Yara's Violent Unravell  Hex/Tmut       #.........   100%        5    ######.
 Bolt of Cold             Conj/Ice       #.........   100%        6    #######
 Freezing Cloud           Conj/Ice/Air   #.........   100%        6    #######
 Ozocubu's Refrigeration  Ice            #.........   100%        6    #######
 Simulacrum               Ice/Necr       #.........   100%        6    #######


Dungeon Overview and Level Annotations

Branches:
Dungeon (15/15)            Temple (0/1) D:5            Lair (6/6) D:10
  Swamp (2/4) Lair:3        Snake (0/4) Lair:3        Slime (0/5) Lair:6
    Orc (2/2) D:10            Elf (0/3) Orc:2        Vaults (0/5) D:14
 Depths (0/5) D:15

Altars:
Ashenzari
Cheibriados
Dithmenos
Elyvilon
Fedhas
Hepliaklqana
Makhleb
Nemelex Xobeh
Okawaru
Sif Muna
Vehumet
Wu Jian
Xom
Zin
Jiyva

Shops:
D:4 (   D:6 =   D:11 [   Orc:2 *(!:

Portals:
Pandemonium: Orc:2

Annotations:
D:7 exclusion: statue
Lair:6 1 exclusion
Swamp:2 Kirke
Orc:2 corrupted
Abyss:1 Erolcha


Innate Abilities, Weirdness & Mutations

You have a pair of small antennae on your head.
You are partially covered in molten scales. (AC +2)
You have a somewhat thin skeletal structure. (Dex +2, Stealth)
Your magical capacity is low. (-10% MP)
You are covered in fur. (AC +1)


Message History

You kill the ice devil!
Lugonu accepts your kill.
The Ice Fiend is engulfed in blazing flames.
The thunderbolt hits the Ice Fiend!
The Ice Fiend is engulfed in blazing flames.
The Ice Fiend gestures at you. The bolt of cold hits you!!
* * * LOW HITPOINT WARNING * * *
The Ice Fiend is engulfed in blazing flames.
The Ice Fiend claws you but does no damage.
You block the Ice Fiend's attack.
You take 24 damage, and have 27/151 hp.
The thunderbolt hits the Ice Fiend!
The Ice Fiend is engulfed in blazing flames.
You block the Ice Fiend's attack. x2
The thunderbolt hits the Ice Fiend!!
The Ice Fiend is engulfed in blazing flames.
The Ice Fiend gestures at you. The bolt of cold hits you!!!
You die...

.### ######≈§§###
## #..§§§§§##
...§§§§.§###
##§°§§§§§§.###
##§§####§.§...##
..§§§..#.....§.##
#...§..##....§§○##
#......##...§§§§#
#§§§1@...§§§##
#..###....§## #.☼
.#..### #.§ ☼.####
.4. ## ...# #1##
.1


You could see an Ice Fiend.

Vanquished Creatures
  An Ice Fiend (IceCv)
  A fire dragon (Lair:6)
  Fannar (Orc:1)
  4 vault guards (D:14)
  2 centaur warriors
  12 hydras
  3 two-headed ogres
  3 alligators
  A thrashing horror (Abyss:3)
  An orc high priest (Orc:1)
  A hell knight (Volcano)
  A salamander mystic (Volcano)
  2 unseen horrors
  A spriggan druid (Swamp:2)
  An unseen horror (shapeshifter) (D:15)
  2 wizards (D:15)
  A swamp dragon (Swamp:2)
  A necromancer (D:15)
  2 lindwurms
  4 orc knights
  A wolf spider zombie (D:12)
  10 ugly things
  2 orc sorcerers
  3 deep elf magi (D:15)
  2 manticores
  2 cyclopes
  2 centaur zombies
  5 salamanders (Volcano)
  A black mamba (Lair:6)
  12 elephants
  2 naga magi (D:15)
  2 ice statues (IceCv)
  14 spiny frogs
  5 torpor snails (Lair:6)
  A molten gargoyle (Volcano)
  4 gargoyles
  6 rime drakes
  A komodo dragon (shapeshifter) (D:15)
  4 komodo dragons
  A freezing wraith (D:14)
  A kobold demonologist (D:14)
  11 ice devils (IceCv)
  8 trolls
  3 meliai
  5 tyrant leeches
  9 hornets
  9 blink frogs
  4 polar bears
  A bog body (Swamp:1)
  11 hippogriffs
  6 slime creatures (Swamp:1)
  A meliai zombie (D:12)
  5 dream sheep
  6 spriggans
  3 wraiths
  2 vampires
  6 fire bats (Volcano)
  4 shadows
  4 wyverns
  29 yaks
  A basilisk (Lair:6)
  2 hungry ghosts
  13 vampire mosquitoes
  2 steam dragons
  2 humans (D:11)
  7 wargs
  6 insubstantial wisps (Lair:3)
  4 nagas (Lair:3)
  7 swamp worms
  7 swamp drakes
  7 porcupines
  8 water moccasins
  3 phantoms
  4 ice beasts
  28 orc warriors
  4 sky beasts
  A black bear (D:10)
  9 ogres
  19 wolves
  3 centaurs
  14 crocodiles
  5 big kobolds
  19 bullfrogs
  A wyvern zombie (D:12)
  6 scorpions
  10 killer bees
  3 wights (D:12)
  An electric eel (Lair:5)
  2 bullfrog zombies
  7 crimson imps
  6 lava snakes (Volcano)
  4 hounds
  2 jellies
  27 orc priests
  2 bullfrog skeletons (D:10)
  29 orc wizards
  7 centaur skeletons
  5 iguanas
  8 worker ants
  2 hound skeletons
  A hound zombie (D:8)
  4 gnolls
  A howler monkey skeleton (D:8)
  15 adders
  6 shadow imps
  7 white imps (IceCv)
  5 ufetubi (IceCv)
  4 oozes
  3 adder zombies (D:6)
  3 adder skeletons
  3 worms
  A dart slug (D:2)
  3 leopard geckos
  115 orcs
  4 ball pythons
  6 bats
  5 giant cockroaches
  9 goblins
  6 hobgoblins
  12 jackals
  39 kobolds
  7 quokkas
  13 frilled lizards
  A quokka skeleton (D:7)
  3 rats
  2 fungi (Lair:6)
  2 plants (Lair:6)
830 creatures vanquished.

Vanquished Creatures (others)
  6 orc high priests (Orc:2)
  A gelid demonspawn (Orc:2)
  4 orc knights (Orc:2)
  6 orc sorcerers (Orc:2)
  An orange demon (Orc:2)
  2 red devils (Orc:2)
  2 trolls (Orc:2)
  A hornet (Lair:6)
  A ynoxinul (Orc:2)
  16 orc warriors (Orc:2)
  An ogre (Orc:2)
  11 orc priests (Orc:2)
  An orc wizard (Orc:1)
  5 white imps (IceCv)
  An ufetubus (IceCv)
  13 orcs
  6 fungi
  14 plants
  5 starspawn tentacles (Orc:2)
97 creatures vanquished.

Grand Total: 927 creatures vanquished

Notes
Turn   | Place    | Note
-------+----------+-------------------------------------------
     0 | Abyss:1  | Flooderbenga the Hill Orc Abyssal Knight began the quest
                  | for the Orb.
     0 | Abyss:1  | Reached XP level 1. HP: 19/19 MP: 2/2
     5 | Abyss:1  | Found a blossoming altar of Fedhas.
   134 | Abyss:1  | Noticed a smoke demon
   135 | D:1      | Escaped the Abyss
   205 | D:1      | Reached skill level 3 in Axes
   362 | D:1      | Reached XP level 2. HP: 26/27 MP: 3/3
   423 | D:1      | Reached * piety under Lugonu
   654 | D:1      | Reached skill level 4 in Axes
   654 | D:1      | Reached XP level 3. HP: 33/33 MP: 4/4
  2044 | D:2      | Reached ** piety under Lugonu
  2046 | D:2      | Reached XP level 4. HP: 32/41 MP: 5/5
  2418 | D:3      | Noticed an ice beast
  2428 | D:2      | Reached skill level 5 in Axes
  2577 | D:3      | Found a white marble altar of Elyvilon.
  3198 | D:4      | Noticed an ogre
  3347 | D:3      | Found a blossoming altar of Fedhas.
  3360 | D:3      | Found a shadowy altar of Dithmenos.
  3364 | D:3      | Found a sparkling altar of Nemelex Xobeh.
  3435 | D:3      | Reached XP level 5. HP: 21/47 MP: 6/6
  3622 | D:4      | Found a shattered altar of Ashenzari.
  3723 | D:4      | Reached skill level 5 in Fighting
  3723 | D:4      | Reached skill level 1 in Evocations
  3736 | D:4      | Found a glowing drain.
  3746 | Sewer    | Entered a sewer
  3792 | Sewer    | Reached skill level 6 in Axes
  4720 | D:4      | Reached XP level 6. HP: 48/56 MP: 7/7
  4897 | D:3      | Reached skill level 7 in Axes
  5187 | D:3      | Found a burning altar of Makhleb.
  5189 | D:3      | Noticed a green death
  5267 | D:3      | Killed an ice beast
  5380 | D:3      | Reached *** piety under Lugonu
  5381 | D:3      | Found a deep blue altar of Sif Muna.
  5645 | D:4      | Reached skill level 8 in Axes
  5645 | D:4      | Reached XP level 7. HP: 44/63 MP: 8/8
  5804 | D:4      | Found Vodwumpe's Antique Weapon Boutique.
  5807 | D:4      | Bought an encrusted halberd for 153 gold pieces
  5807 | D:4      | Identified the cursed +1 halberd "Bamoxoam" {elec, rPois
                  | Str+3} (You bought it in a shop on level 4 of the Dungeon)
  6287 | D:5      | Entered Level 5 of the Dungeon
  6317 | D:5      | Found a staircase to the Ecumenical Temple.
  6350 | D:5      | Found an iron altar of Okawaru.
  6569 | D:6      | Got a pitted dagger
  6706 | D:6      | Reached skill level 9 in Axes
  6827 | D:5      | Reached XP level 8. HP: 58/71 MP: 10/10
  7209 | D:5      | Found a glowing silver altar of Zin.
  7269 | D:6      | Found a hazy altar of Hepliaklqana.
  7325 | D:6      | Found Elaumy's Jewellery Emporium.
  7617 | D:6      | Reached skill level 10 in Axes
  8804 | D:7      | Reached skill level 11 in Axes
  8804 | D:7      | Reached skill level 5 in Invocations
  8804 | D:7      | Reached XP level 9. HP: 50/81 MP: 11/13
  9183 | D:7      | Noticed a troll
  9383 | D:7      | Reached **** piety under Lugonu
  9414 | D:7      | Found a radiant altar of Vehumet.
  9917 | D:7      | Reached skill level 12 in Axes
 11434 | D:8      | Found an ornate altar of the Wu Jian Council.
 11438 | D:8      | Found a shimmering altar of Xom.
 11732 | D:9      | Reached skill level 1 in Dodging
 11738 | D:9      | Found a flagged portal.
 11749 | D:9      | Reached skill level 13 in Axes
 11834 | Bailey   | Entered a bailey
 12814 | D:9      | Reached XP level 10. HP: 86/91 MP: 14/14
 12890 | D:9      | Found a snail-covered altar of Cheibriados.
 13519 | D:9      | Reached skill level 5 in Armour
 13852 | D:10     | Entered Level 10 of the Dungeon
 14024 | D:10     | Reached ***** piety under Lugonu
 14439 | D:10     | Found a staircase to the Lair.
 14840 | D:10     | Noticed a two-headed ogre
 14845 | D:10     | Reached skill level 14 in Axes
 14963 | D:11     | Reached skill level 10 in Fighting
 15028 | D:11     | Reached skill level 1 in Throwing
 15086 | D:11     | Found an iron altar of Okawaru.
 15268 | D:10     | Reached XP level 11. HP: 90/100 MP: 15/15
 15445 | D:10     | Found a staircase to the Orcish Mines.
 15665 | D:11     | Found Riuxtiyr's Antique Armour Boutique.
 16775 | Lair:1   | Entered Level 1 of the Lair of Beasts
 18099 | Lair:2   | Found a shimmering altar of Xom.
 18151 | Lair:2   | Noticed an eight-headed hydra
 18580 | Lair:2   | Reached skill level 15 in Axes
 19665 | Lair:3   | Reached ****** piety under Lugonu
 19666 | Lair:3   | Reached XP level 12. HP: 84/108 MP: 17/17
 19777 | Lair:3   | Noticed a four-headed hydra
 19798 | Lair:3   | Killed a one-headed hydra
 19930 | Lair:3   | Found a staircase to the Swamp.
 20711 | Lair:3   | Found a staircase to the Snake Pit.
 21241 | Lair:3   | Reached skill level 16 in Axes
 21903 | Lair:4   | Reached skill level 5 in Dodging
 21948 | Lair:4   | Gained mutation: You are frail. (-10% HP) [potion of
                  | mutation]
 21948 | Lair:4   | Gained mutation: Your mind is acute. (Int +2) [potion of
                  | mutation]
 21948 | Lair:4   | Gained mutation: Your muscles are strong. (Str +2) [potion
                  | of mutation]
 21949 | Lair:4   | Lost mutation: Your muscles are strong. (Str +2) [potion of
                  | mutation]
 21949 | Lair:4   | Lost mutation: Your mind is acute. (Int +2) [potion of
                  | mutation]
 21949 | Lair:4   | Gained mutation: You have sharp toenails. [potion of
                  | mutation]
 21949 | Lair:4   | Gained mutation: Your magical capacity is low. (-10% MP)
                  | [potion of mutation]
 21949 | Lair:4   | Gained mutation: You are partially covered in molten
                  | scales. (AC +2) [potion of mutation]
 21949 | Lair:4   | Gained mutation: You are covered in fur. (AC +1) [potion of
                  | mutation]
 22601 | Lair:4   | Reached skill level 10 in Armour
 23154 | Lair:5   | Reached XP level 13. HP: 106/107 MP: 17/17
 24609 | Lair:6   | Entered Level 6 of the Lair of Beasts
 25760 | Lair:6   | Found a staircase to the Slime Pits.
 25760 | Lair:6   | Found a viscous altar of Jiyva.
 25796 | Lair:6   | Reached skill level 17 in Axes
 25949 | Lair:6   | Noticed a dire elephant
 25950 | Lair:6   | Found the +10 Black Knight's horse barding {ponderous,
                  | rPois rN+}
 25957 | Lair:6   | Found a runed translucent door.
 26152 | Lair:6   | Paralysed by a hornet for 3 turns
 27244 | Lair:6   | Reached XP level 14. HP: 91/116 MP: 18/18
 28456 | D:11     | Bought a brightly glowing plate armour for 784 gold pieces
 28466 | D:11     | Identified the +6 plate armour of Pan-Flutes {rCorr} (You
                  | bought it in a shop on level 11 of the Dungeon)
 28506 | Orc:1    | Entered Level 1 of the Orcish Mines
 28507 | Orc:1    | Noticed Erolcha
 28510 | Orc:1    | Banished Erolcha
 28525 | Orc:1    | Reached skill level 18 in Axes
 29883 | Orc:1    | Noticed Fannar
 30403 | Orc:1    | Killed Fannar
 30464 | Orc:1    | Paralysed by an orc sorcerer for 2 turns
 30984 | Orc:2    | Entered Level 2 of the Orcish Mines
 31069 | Orc:2    | Found a staircase to the Elven Halls.
 31107 | Orc:2    | Found a dark tunnel.
 31188 | Volcano  | Entered a volcano
 31554 | Volcano  | Found a bloodstained altar of Trog.
 31991 | Orc:2    | Paralysed by an orc sorcerer for 5 turns
 31997 | Orc:2    | Corrupted Orc:2
 31997 | Orc:2    | Noticed a tentacled starspawn
 32312 | Orc:2    | Found Kulale's General Store.
 32355 | Orc:2    | Found Bemnaan's Antique Weapon Shoppe.
 32355 | Orc:2    | Found Vam Zodu's Book Emporium.
 32355 | Orc:2    | Found a one-way gate leading to the halls of Pandemonium.
 32361 | Orc:2    | Found Velefeh's Distillery.
 32384 | Orc:2    | Bought a potion of heal wounds for 75 gold pieces
 32384 | Orc:2    | Bought 2 potions of curing for 90 gold pieces
 32384 | Orc:2    | Bought a potion of might for 60 gold pieces
 32384 | Orc:2    | Bought a potion of might for 60 gold pieces
 32384 | Orc:2    | Bought a potion of heal wounds for 75 gold pieces
 32384 | Orc:2    | Bought a potion of curing for 45 gold pieces
 32569 | Orc:2    | Reached skill level 1 in Shields
 32890 | Orc:2    | Found a shimmering altar of Xom.
 32970 | Orc:2    | Bought the cursed necklace of Bloodlust {*Rage +Rage MR++
                  | Int-3 Slay+6 *Curse} for 968 gold pieces
 32970 | Orc:2    | Found the cursed necklace of Bloodlust {*Rage +Rage MR++
                  | Int-3 Slay+6 *Curse}
 35070 | D:14     | Reached XP level 15. HP: 115/125 MP: 18/18
 35241 | D:14     | Found a gate to the Vaults.
 35257 | D:14     | Reached skill level 5 in Shields
 35600 | D:15     | Entered Level 15 of the Dungeon
 35769 | D:15     | Reached skill level 15 in Fighting
 35903 | D:15     | Reached skill level 5 in Evocations
 36812 | D:15     | Found a staircase to the Depths.
 37404 | D:11     | Bought a pair of runed gloves for 210 gold pieces
 37419 | D:11     | Lost mutation: You are frail. (-10% HP) [potion of
                  | mutation]
 37419 | D:11     | Lost mutation: You have sharp toenails. [potion of
                  | mutation]
 37419 | D:11     | Gained mutation: You have a pair of small antennae on your
                  | head. [potion of mutation]
 37419 | D:11     | Gained mutation: You have a somewhat thin skeletal
                  | structure. (Dex +2, Stealth) [potion of mutation]
 37543 | Swamp:1  | Entered Level 1 of the Swamp
 38292 | Swamp:1  | Found a shimmering altar of Xom.
 38909 | Swamp:2  | Reached XP level 16. HP: 126/149 MP: 19/19
 39002 | Swamp:2  | Cast into level 3 of the Abyss (spriggan rider)
 39046 | Swamp:2  | Escaped the Abyss
 39048 | Swamp:2  | Noticed Kirke
 39262 | Swamp:2  | Found a frozen archway.
 39269 | IceCv    | Entered an ice cave
 39664 | IceCv    | Reached skill level 10 in Shields
 39882 | IceCv    | Noticed an Ice Fiend
 39882 | IceCv    | Noticed an Ice Fiend
 39896 | IceCv    | Killed an Ice Fiend
 39907 | IceCv    | Killed from afar by an Ice Fiend

Skill      XL: |  1  2  3  4  5  6  7  8  9 10 11 12 13 14 15 16 |
---------------+-------------------------------------------------+-----
Axes           | 3 4 5 6 8 9 11 13 14 15 16 17 18 | 18.0
Fighting       | 4 5 6 8 9 10 12 13 14 15 16 | 16.0
Evocations     | 1 3 6 |  6.0
Invocations    | 3 5 6 7 8 |  8.1
Armour         | 4 6 8 10 11 12 13 | 13.2
Dodging        | 1 3 4 6 7 8 9 |  9.3
Throwing       | 1 3 |  3.0
Shields        | 3 8 10 | 10.4

Action                   |  1- 3 |  4- 6 |  7- 9 | 10-12 | 13-15 | 16-18 || total
-------------------------+-------+-------+-------+-------+-------+-------++-------
Melee: Hand axe          |   114 |   134 |    64 |       |       |       ||   312
       Whip              |       |   116 |    20 |       |       |       ||   136
       Halberd           |       |       |   231 |       |       |       ||   231
       War axe           |       |       |    34 |   729 |   404 |       ||  1167
       Battleaxe         |       |       |       |       |   311 |       ||   311
       Broad axe         |       |       |       |       |   562 |   101 ||   663
 Fire: Hand crossbow     |       |       |     3 |       |       |       ||     3
Throw: Stone             |     1 |    18 |     8 |     6 |     4 |       ||    37
Invok: Depart the Abyss  |     1 |       |       |       |       |     1 ||     2
       Bend Space        |       |       |     2 |     2 |     3 |       ||     7
       Banish            |       |       |       |       |     4 |       ||     4
       Corrupt           |       |       |       |       |     1 |       ||     1
 Abil: Evoke Berserk Rag |       |       |       |       |       |     1 ||     1
Evoke: Wand              |       |    12 |       |       |    14 |       ||    26
       Lightning rod     |       |       |       |     2 |     7 |     3 ||    12
       Lamp of fire      |       |       |       |       |       |     1 ||     1
  Use: Potion            |     1 |     1 |       |     4 |     5 |     1 ||    12
       Scroll            |       |     6 |    12 |     6 |    16 |       ||    40
 Stab: Distracted        |       |       |     1 |       |       |       ||     1
  Eat: Chunk             |     4 |    12 |    16 |    32 |    54 |       ||   118
       Ration            |       |       |     2 |       |       |     2 ||     4
Armor: Leather armour    |    26 |    64 |    33 |       |       |       ||   123
       Ring mail         |       |       |    42 |       |       |       ||    42
       Plate armour      |       |       |    88 |   426 |   638 |    29 ||  1181
       Fire dragon scale |       |       |       |       |    72 |       ||    72
Dodge: Dodged            |    70 |   129 |   144 |   230 |   404 |    14 ||   991
Block: Large shield      |       |       |       |       |   433 |    99 ||   532
